Alex, neutral male human Archeologist ------ -------- |....+# |......| ------ |....|# #-......|################################ |....| |....-#####|......|# ----.-------- ## |.%..| --.-.-# #-..<...|# |`.........`| # |.%^.| ### # #-...----# ##......`.....| # #-....| ###############%# # |...-----...| # ##)|....| # # ## # %# ### |...|.{.|...| # ## ------ # # ### ### ## # |..`|{.{.`..| # ### # # ## # ### |...|.{.|...| # ) ----.--### ### # |...-----...| # ### |......### # # |.....`.....| # # |....@f#### ## # .`.........`-################# |...^.| ### -----.|-# ------------- # # |......#######........# # # ------- ###|......| # # #-.......############################## -------- # Alex the Investigator Experience level: 9 Strength: 13 Dexterity: 15 Constitution: 18 Intelligence: 18 Wisdom: 18 Charisma: 9 Health: 0(114) Energy: 66(66) Def: 0 Gold: 0 Moves: 25578 Dungeon seed: Nwr14g_InTeccdlv Game ID: Alex_1690361733 Spells and supernatural/magical abilities: Name Level Category Cost Memory W - pray for help -- divine ? -- Your skills at the end: Fighting Skills wands [Basic] Weapon Skills pick-axe [Expert] saber [Skilled] whip [Basic] Spellcasting Skills Final Attributes: You were piously aligned. You were fire resistant. You were cold resistant. You were shock resistant. You were poison resistant. You were visible. You were stealthy. You aggravated monsters. You were protected. You were fast. You reconciled with your god 501 turns ago. Camaxtli favoured you deeply. You are dead. Vanquished creatures: a watch captain a caveman 2 giant mimics a hill giant a winter wolf 3 small mimics a warhorse a quantum mechanic a sasquatch a gelatinous cube 2 large dogs a freezing sphere a flaming sphere 2 large cats a dwarf king an energy vortex a human mummy 2 red nagas a python a leather golem 4 watchmen a chameleon a crocodile a giant beetle 2 quivering blobs 2 cockatrices 2 wolves a lynx a panther 3 spotted jellies 3 leprechauns an iron piercer a mumak 4 giant spiders a scorpion a forest centaur 4 gnome kings an orc mummy 3 dwarf mummies 2 ogres 4 brown puddings 2 owlbears a yeti a Green-elf 2 dogs 2 dingos 2 dwarf lords 4 white unicorns a dust vortex 2 gnome mummies 5 human zombies 2 rope golems 4 Woodland-elves 5 soldier ants 8 bugbears an imp 2 wood nymphs 2 water nymphs 2 mountain nymphs 17 Mordor orcs 8 Uruk-hai 2 rock piercers 2 rock moles 2 ponies 3 fog clouds a yellow light 2 shriekers 19 gnome lords 7 gnomish wizards 2 kobold mummies a red naga hatchling a black naga hatchling a golden naga hatchling 3 gray oozes 2 elf zombies 2 ghouls 2 straw golems 3 paper golems a baby crocodile a giant ant 4 little dogs a floating eye 6 kittens 21 dwarves a homunculus 4 kobold lords a kobold shaman 10 hill orcs 30 rothes 5 rabid rats a centipede 3 giant bats 5 monkeys 5 orc zombies 2 dwarf zombies 3 wererats a werejackal 11 iguanas 5 acid blobs 10 coyotes 2 gas spores 11 hobbits 5 manes 5 large kobolds 4 hobgoblins 11 giant rats 8 cave spiders 2 brown molds 3 yellow molds a green mold a red mold 66 gnomes 4 garter snakes 5 gnome zombies 16 geckos 21 jackals 10 foxes 9 kobolds 9 goblins 20 sewer rats 20 grid bugs 5 bats 20 lichens 6 kobold zombies 20 newts 612 creatures vanquished. Voluntary challenges: You used a wielded weapon 841 times, starting on turn 106. You read items or engraved 37 times, starting on turn 3233. You never genocided any monsters. You never polymorphed an object. You changed form 1 time, starting on turn 25033. You used no wishes. You split 3 puddings, starting on turn 21304. You wrote Elbereth's name 28 times, starting on turn 3233. You violated your moral code, losing 181 points of alignment, starting on turn 15801. Dungeon overview: The Dungeons of Doom: levels 1 to 11 Level 1 a fountain, a vault a long staircase Level 2 a general store, some fountains, a vault Level 3 an altar to Quetzalcoatl, a fountain stairs to The Gnomish Mines Level 4 a fountain Level 5 a general store, a fountain Level 6 an altar to Camaxtli, some fountains, a sink, a vault Level 7 <- You were here many fountains Level 8 an armor shop stairs to Sokoban Level 9 a vault Level 10 Level 11 a fountain The Gnomish Mines: levels 4 to 12 Level 4 stairs to The Dungeons of Doom Level 5 (WEST magic trap) Level 6 many shops, a temple to Camaxtli, some fountains, a sink Level 7 Level 8 Level 9 Level 10 Level 11 Level 12 a fountain Sokoban: levels 4 to 7 Level 4 Solved Level 5 Solved Level 6 Solved Level 7 Solved stairs to The Dungeons of Doom History has recorded: On T:1 you entered the Dungeons of Doom to retrieve the Amulet of Yendor! On T:304 you reached level 2 of The Dungeons of Doom. On T:1306 you reached level 3 of The Dungeons of Doom. On T:2007 you reached level 4 of The Dungeons of Doom. On T:2218 you reached level 5 of The Dungeons of Doom. On T:2804 you reached level 1 of The Gnomish Mines. On T:3690 you reached level 2 of The Gnomish Mines. On T:5034 you reached level 3 of The Gnomish Mines. On T:5860 you reached level 4 of The Gnomish Mines. On T:7481 you reached level 5 of The Gnomish Mines. On T:8704 you advanced to experience level 2. On T:8786 you reached level 6 of The Dungeons of Doom. On T:8949 you advanced to experience level 3. On T:9579 you advanced to experience level 4. On T:9744 you reached level 7 of The Dungeons of Doom. On T:10248 you reached level 8 of The Dungeons of Doom. On T:10934 you reached level 9 of The Dungeons of Doom. On T:10986 you advanced to experience level 5. On T:11054 you advanced to experience level 6. On T:11258 you reached level 4 of Sokoban. On T:11648 you reached level 3 of Sokoban. On T:12120 you reached level 2 of Sokoban. On T:12678 you reached level 1 of Sokoban. On T:12707 you advanced to experience level 7. On T:13527 you reached level 10 of The Dungeons of Doom. On T:13868 you advanced to experience level 8. On T:17160 you advanced to experience level 9. On T:18856 you reached level 6 of The Gnomish Mines. On T:19129 you reached level 7 of The Gnomish Mines. On T:20049 you reached level 8 of The Gnomish Mines. On T:20653 you reached level 9 of The Gnomish Mines. On T:24352 you reached level 11 of The Dungeons of Doom. Score breakdown: Gold: 0 ( 0 points) Experience: 9 levels (15756 points) Exploration: 12 levels ( 23.08%) (13932 points) Discoveries: 53 items ( 17.55%) (12567 points) Valuables value: (no points given unless you survive) Artifact value: 0 ( 0 points) Variety of kills: 125 monsters ( 32.89%) (17206 points) Turncount: 25578 turns (-3766 points) Survival: died (score multiplied by 80%) Total score: 44556 Latest messages: The lynx hits! (2x) The lynx bites! You hear a door open. The lynx hits! (2x) The lynx bites! Where do you want to travel to? Never mind. You are hit by a magical dart. The weapon freezes you! The lynx hits! (2x) The lynx bites! You hit the lynx. The dart of frost hits the lynx. The weapon freezes the lynx! The dart of frost misses the lynx. You are hit by a dart of frost. You hear the howling of the CwnAnnwn... The weapon freezes you! The lynx hits! (2x) The lynx bites! You die... Not carrying anything. For some reason, you think that you can almost hear the Wizard laugh manically... Final status: Goodbye Alex the Archeologist, killed by a lynx... You died in The Dungeons of Doom on dungeon level 7 with 44556 points, and 0 pieces of gold, after 25578 moves. You were level 9 with a maximum of 114 hit points when you died.